 Dungeon Crawl Stone Soup version 0.23.2-1-ga50397a (webtiles) character file.

Game seed: 11777034527914526506

1015 goulibeur the Skirmisher (level 8, 0/105 HPs)
             Began as a White Draconian Berserker on May 21, 2019.
             Was a Priest of Trog.
             Succumbed to an orc wizard's poison
             ... on level 5 of the Dungeon.
             The game lasted 00:17:09 (3972 turns).

goulibeur the Skirmisher (DrBe)                     Turns: 3972, Time: 00:17:10

Health: 0/105      AC:  9    Str: 24    XL:     8   Next: 1%
Magic:  8/8        EV: 11    Int:  9    God:    Trog [***...]
Gold:   124        SH:  9    Dex: 12    Spells: 7/7 levels left

rFire    . . .     SeeInvis .   E - +2 flail (protect)
rCold    + . .     Gourm    .   F - +0 shield
rNeg     . . .     Faith    .   (armour unavailable)
rPois    .         Spirit   .   (helmet restricted)
rElec    .         Reflect  .   z - +1 cloak
rCorr    .         Harm     .   i - +0 pair of gloves
MR       ++...                  (no boots)
Stlth    ..........             (no amulet)
HPRegen  1.27/turn              (no ring)
MPRegen  0.11/turn              (no ring)

@: berserking (expiring), lethally poisoned (0 -> -21), regenerating, very quick
A: breathe frost, unfitting armour, cold resistance 1, cold-blooded, AC +6
a: Breathe Frost, Berserk, Trog's Hand, Renounce Religion


You were on level 5 of the Dungeon.
You worshipped Trog.
Trog was most pleased with you.
You were near starving.

You visited 1 branch of the dungeon, and saw 5 of its levels.

You collected 124 gold pieces.

Inventory:

Hand Weapons
 a - a +0 mace
 y - a +4 quarterstaff of chaos
 C - a +0 flail
 E - a +2 flail of protection (weapon)
Missiles
 e - 8 tomahawks (quivered)
 I - 4 tomahawks of returning
Armour
 i - a +0 pair of gloves (worn)
 z - a +1 cloak (worn)
 F - a +0 shield (worn)
Jewellery
 w - an uncursed amulet of faith
 x - an uncursed ring of magical power
Wands
 r - a wand of random effects (27)
 u - a wand of flame (19)
Scrolls
 c - a scroll of remove curse {unknown}
 d - a scroll of enchant armour
 f - a scroll of teleportation {unknown}
 j - a scroll of fog {unknown}
 o - a scroll of enchant weapon {unknown}
 p - 2 scrolls of amnesia {unknown}
 q - a scroll of immolation
 D - 5 scrolls of identify
 G - a scroll of fear {unknown}
Potions
 g - a potion of degeneration {unknown}
 h - 2 potions of heal wounds {unknown}
 k - a potion of ambrosia {unknown}
 l - a potion of might {unknown}
 m - 2 potions of berserk rage {unknown}
 n - 2 potions of magic {unknown}
 s - a potion of brilliance {unknown}
 t - a potion of invisibility {unknown}
 v - 2 potions of curing {unknown}
 A - 3 potions of mutation {unknown}
 B - 2 potions of flight {unknown}
Comestibles
 b - 6 rations
 H - 6 chunks of flesh


   Skills:
 * Level 6.1 Fighting
 + Level 5.2 Maces & Flails
 + Level 3.7 Throwing
 + Level 4.8 Dodging
 * Level 2.1 Shields


You had 7 spell levels left.
You didn't know any spells.
Your spell library was empty.

Dungeon Overview and Level Annotations

Branches:
Dungeon (5/15)
 Temple: D:4-7

Altars:
Nemelex Xobeh
Uskayaw
Xom


Innate Abilities, Weirdness & Mutations

You can breathe waves of freezing cold.
You can buffet flying creatures when you breathe cold.
Your icy white scales are hard. (AC +6)
You cannot fit into any form of body armour.
Your flesh is cold resistant. (rC+)
You are cold-blooded and may be slowed by cold attacks.


Message History

You feel a strong urge to attack something.
* * * LOW HITPOINT WARNING * * *
You feel very sick.
You closely miss something.
You have got your breath back.
* * * LOW HITPOINT WARNING * * *
You feel very sick. You block something's attack.
You closely miss something.
* * * LOW HITPOINT WARNING * * *
You feel very sick. Something hits you but does no damage.
You are more poisoned.
You closely miss something.
* * * LOW HITPOINT WARNING * * *
You feel very sick. Something hits you.
* * * LOW HITPOINT WARNING * * *
You miss something.
You die...

#....###########
#.....))÷......#
#....##)....[..#
######...>##..##.#..#
..........##..#⌠.⌠###
..........#....._...#
########..##...⌠.⌠..#
##########..##..##...##
.(.(...)@...##..######
.......{)...#....#
............#....#
...........)#...##
............##..#
###+##.###+###### #. ..


There were no monsters in sight!

Vanquished Creatures
  Sigmund (D:2)
  Edmund (D:4)
  A phantom (D:2)
  An ice beast (D:5)
  A scorpion (D:5)
  A howler monkey (D:4)
  A jelly (D:5)
  A hound (D:5)
  3 orc priests
  Crazy Yiuf (D:3)
  4 orc wizards
  A worker ant (D:4)
  A hound zombie (D:5)
  Robin (D:2)
  3 adders
  An adder skeleton (D:4)
  3 worms (D:2)
  2 dart slugs
  2 leopard geckos (D:2)
  14 orcs
  3 ball pythons
  8 bats
  6 giant cockroaches
  14 goblins
  6 hobgoblins
  8 jackals
  3 quokkas
  5 frilled lizards
  4 kobolds
  A quokka skeleton (D:4)
  6 rats
108 creatures vanquished.

Notes
Turn   | Place    | Note
-------+----------+-------------------------------------------
     0 | D:1      | goulibeur the Draconian Berserker began the quest for the
                  | Orb.
     0 | D:1      | Reached XP level 1. HP: 19/19 MP: 1/1
   181 | D:1      | Reached XP level 2. HP: 26/26 MP: 2/2
   804 | D:2      | Reached skill level 1 in Throwing
  1048 | D:2      | Reached XP level 3. HP: 30/33 MP: 3/3
  1053 | D:2      | Reached ** piety under Trog
  1077 | D:2      | Found a shimmering altar of Xom.
  1077 | D:2      | Noticed Robin
  1108 | D:2      | Killed Robin
  1253 | D:2      | Noticed Sigmund
  1263 | D:2      | Killed Sigmund
  1263 | D:2      | Reached skill level 4 in Fighting
  1263 | D:2      | Reached XP level 4. HP: 41/41 MP: 4/4
  1263 | D:2      | Reached XP level 5. HP: 47/47 MP: 5/5
  1365 | D:2      | Found a hide-covered altar of Uskayaw.
  1366 | D:2      | Noticed a +0 hand axe
  1366 | D:2      | Noticed a +0 hand axe
  1548 | D:2      | Noticed a phantom
  1596 | D:2      | Killed a phantom
  1596 | D:2      | Reached XP level 6. HP: 34/53 MP: 6/6
  2421 | D:3      | Found a runed translucent door.
  2422 | D:3      | Noticed Crazy Yiuf
  2436 | D:3      | Killed Crazy Yiuf
  2594 | D:3      | Reached *** piety under Trog
  2922 | D:4      | Reached skill level 5 in Fighting
  3019 | D:4      | Noticed Edmund
  3028 | D:4      | Your scales start taking on an icy white colour.
  3028 | D:4      | Reached XP level 7. HP: 61/61 MP: 7/7
  3028 | D:4      | Gained mutation: Your flesh is cold resistant. (rC+) [White
                  | Draconian growth]
  3037 | D:4      | Killed Edmund
  3612 | D:5      | Entered Level 5 of the Dungeon
  3638 | D:5      | Reached skill level 5 in Maces & Flails
  3638 | D:5      | Reached skill level 1 in Shields
  3884 | D:5      | Reached skill level 6 in Fighting
  3921 | D:5      | Found a sparkling altar of Nemelex Xobeh.
  3965 | D:5      | Reached XP level 8. HP: 22/70 MP: 8/8
  3971 | D:5      | HP: 2/105 [something (5)]
  3972 | D:5      | Succumbed to an orc wizard's poison

Skill      XL: |  1  2  3  4  5  6  7 |
---------------+----------------------+-----
Dodging        | 3 4 |  4.8
Throwing       | 1 2 3 |  3.7
Fighting       | 4 5 6 |  6.1
Maces & Flails | 4 5 |  5.2
Shields        | 2 |  2.1

Action                   |  1- 3 |  4- 6 |  7- 9 || total
-------------------------+-------+-------+-------++-------
Melee: Mace              |   106 |   135 |    14 ||   255
       Tailslap          |    13 |    22 |     8 ||    43
       Flail             |       |       |    79 ||    79
Throw: Tomahawk          |       |       |     1 ||     1
Invok: Berserk           |     2 |     3 |     3 ||     8
       Trog's Hand       |       |       |     1 ||     1
 Abil: Breathe Frost     |       |       |     2 ||     2
  Use: Scroll            |       |     4 |       ||     4
 Stab: Sleeping          |     2 |     1 |       ||     3
  Eat: Chunk             |     2 |     9 |     6 ||    17
Armor: Skin              |    30 |    45 |    64 ||   139
Dodge: Dodged            |    73 |    72 |    82 ||   227
Block: Shield            |       |       |    45 ||    45
